 Dungeon Crawl Stone Soup version 0.31-a0-819-gf6de2f5ab6 (webtiles) character file.

Game seed: 7279726433405071254

200 qw the Shooter (level 5, 0/32 HPs)
             Began as a Gargoyle Hunter on Sept 23, 2023.
             Slain by a hobgoblin (3 damage)
             ... on level 4 of the Dungeon.
             The game lasted 00:01:08 (2624 turns).

qw the Shooter (Gargoyle Hunter)                    Turns: 2624, Time: 00:01:09

Health: 0/32       AC:  8    Str: 12 (14) XL:     5   Next: 78%
Magic:  5/5        EV: 12    Int:  9 (10) God:
Gold:   59         SH:  0    Dex: 14 (15) Spells: 4/4 levels left

rFire   + . .        Y - +0 shortbow (flame)
rCold   . . .        (shield currently unavailable)
rNeg    + . .        k - +2 robe {rF+}
rPois   inf          (no helmet)
rElec   +            (no cloak)
rCorr   .            (no gloves)
SInv    .            (no boots)
Will    .....        (no amulet)
Stlth   ++           (no ring)
HPRegen 0.25/turn    (no ring)
MPRegen 0.09/turn

%: no passive effects
@: no status effects
A: sickness immunity, AC +4, negative energy resistance 1, electricity
resistance, torment resistance 1, petrification resistance
a: no special abilities


You were on level 4 of the Dungeon.
You visited 1 branch of the dungeon, and saw 4 of its levels.

You collected 92 gold pieces.
You spent 33 gold pieces at shops.


Innate Abilities, Weirdness & Mutations

You are immune to sickness and miasma.
Your stone body is resilient. (AC +4)
You are immune to poison.
You resist negative energy. (rN+)
You are resistant to electric shocks. (rElec)
You are resistant to unholy torment.
You are immune to petrification.


   Skills:
 + Level 3.5 Fighting
 - Level 6.1 Ranged Weapons
 - Level 1.2 Armour
 - Level 1.5 Dodging
 - Level 1.1 Stealth


You had 4 spell levels left.
You didn't know any spells.
Your spell library was empty.

Inventory:

Hand Weapons
 Y - a +0 shortbow of flaming (weapon)
Armour
 c - a +1 pair of gloves
 k - a +2 robe of fire resistance (worn)
Scrolls
 o - a scroll of identify
Potions
 a - a potion of cancellation {unknown}
 b - a potion of might
 d - a potion of curing
 e - a potion of enlightenment {unknown}
 f - a potion of invisibility {unknown}
 g - a potion of heal wounds {unknown}
 j - a potion of attraction {unknown}
 m - a potion of mutation {unknown}

Dungeon Overview and Level Annotations

Branches:
Dungeon (4/15)
 Temple: D:4-7

Altars:

Shops:
D:2 *


Message History

The gnoll sergeant is moderately wounded.
You shoot an arrow.
The arrow barely misses the gnoll sergeant.
The arrow hits the gnoll.
The arrow burns the gnoll.
The gnoll is moderately wounded.
You hear a shout!
A gnoll comes into view. It is wielding a +0 whip.
The gnoll sergeant closely misses you.
Enter note:
2619 |||
Found retreat position at 1,1 (floor) with 0 blocking monsters and 4 monsters attacking at destination at distance 1
2619 ||| Stepping ~*~*~tactically~*~*~ (retreating).
The gnoll sergeant attacks as it pursues you!
The gnoll sergeant hits you from afar with a +2 spear of pain.
You writhe in agony.
Enter note: You shoot an arrow.
The arrow hits the gnoll sergeant but does no damage.
The gnoll sergeant is moderately wounded.
The gnoll sergeant hits you from afar with a +2 spear of pain!
You shoot an arrow. The arrow barely misses the hobgoblin.
The arrow hits the gnoll.
The arrow burns the gnoll.
The gnoll is heavily wounded.
The hobgoblin barely misses you. The gnoll sergeant barely misses you.
The gnoll hits you from afar with a +0 spear.
The hobgoblin closely misses you.
You shoot an arrow. The arrow barely misses the gnoll.
The arrow barely misses the gnoll sergeant.
You hear a shout!
A goblin comes into view. It is wielding a +0 club.
The gnoll sergeant misses you. The hobgoblin hits you.
The gnoll hits you but does no damage. The gnoll barely misses you.
You shoot an arrow. The arrow hits the gnoll.
The arrow burns the gnoll.
You kill the gnoll!
The gnoll sergeant closely misses you.
The hobgoblin hits you but does no damage.
The gnoll misses you.
The gnoll sergeant hits you from afar with a +2 spear of pain!
You shoot an arrow. The arrow barely misses the hobgoblin.
The hobgoblin hits you.
You die...

....##....[#..
##....#........ #.#
#..gg.......... #.##
.###............. #...
.......#....!...#
###..#
#....g##.......#
.....# #.....g..#
.....## #....gg)g#
......# ###...##@###.#
...<..## #....#.....#
^......####.#........#
..........#........###
..##.........##.....#
..............###..##
..#...#.......# #.# #
#..##........# ##
[............##


You could see a gnoll sergeant, 2 gnolls, a hobgoblin and a goblin.

Vanquished Creatures
  Jessica (D:3)
  Terence (D:2)
  A gnoll (D:4)
  5 adders
  3 dart slugs
  An orc (D:3)
  12 endoplasms
  4 giant cockroaches
  9 goblins
  8 hobgoblins
  4 kobolds
  5 quokkas
  9 ball pythons
  8 bats
  5 frilled lizards
  4 rats
80 creatures vanquished.

Notes
Turn   | Place    | Note
-------+----------+-------------------------------------------
     0 | D:1      | qw the Gargoyle Hunter began the quest for the Orb.
     0 | D:1      | Reached XP level 1. HP: 12/12 MP: 1/1
     0 | D:1      | 0 ||| qw: Version: 0.3-a-83-gcd0e7d8
     0 | D:1      | 0 ||| qw: Game counter: 1421
     0 | D:1      | 0 ||| qw: Melee chars always use a shield: true
     0 | D:1      | 0 ||| qw: God list: Okawaru
     0 | D:1      | 0 ||| qw: Allow faded altars: false
     0 | D:1      | 0 ||| qw: Do Orc after clearing Dungeon:15 true
     0 | D:1      | 0 ||| qw: Do second Lair branch before Depths: true
     0 | D:1      | 0 ||| qw: Lair rune preference: random
     0 | D:1      | 0 ||| qw: Goals: Normal
     0 | D:1      | 0 ||| PLANNING D:1-11
    75 | D:1      | Reached XP level 2. HP: 10/17 MP: 2/2
   370 | D:1      | Reached XP level 3. HP: 21/21 MP: 3/3
   382 | D:1      | Reached skill level 5 in Ranged Weapons
   702 | D:1      | 702 ||| UPGRADING to +0 ring mail.
   712 | D:1      | 712 ||| DROPPING +0 leather armour.
   713 | D:1      | 713 ||| READING scroll labelled BEIWONIMI.
   714 | D:1      | 714 ||| DRINKING 2 lumpy clear potions.
   715 | D:1      | 715 ||| DROPPING scroll of butterflies.
   716 | D:1      | 716 ||| DROPPING potion of degeneration.
   774 | D:2      | Reached skill level 1 in Armour
   853 | D:2      | Reached XP level 4. HP: 21/27 MP: 4/4
   856 | D:2      | Reached skill level 3 in Fighting
   931 | D:2      | Found Ragoirhi's General Store.
   934 | D:2      | 934 ||| BUYING potion of curing (33 gold).
   934 | D:2      | Bought a potion of curing for 33 gold pieces
   934 | D:2      | 934 ||| SHOPLISTING potion of heal wounds (55 gold, have
                  | 1).
   934 | D:2      | 934 ||| SHOPLISTING scroll of brand weapon (104 gold, have
                  | 1).
   934 | D:2      | 934 ||| SHOPLISTING scroll of enchant armour (82 gold, have
                  | 1).
   958 | D:2      | Noticed Terence
   968 | D:2      | HP: 7/28 [Terence/+0 flail (7)]
   969 | D:2      | HP: 1/28 [Terence/+0 flail (6)]
   974 | D:2      | HP: 2/28 [Terence/+0 flail (1)]
   978 | D:2      | Killed Terence
  1396 | D:2      | Reached XP level 5. HP: 31/32 MP: 5/5
  1628 | D:2      | 1628 ||| READING scroll labelled KUUHAH JAAPLO.
  1629 | D:2      | 1629 ||| READING scroll labelled FEMNEW WACKUP.
  1630 | D:2      | 1630 ||| READING scroll labelled KEXKYO JUNTO.
  1633 | D:2      | 1633 ||| READING scroll labelled NUNNORENAO.
  1634 | D:2      | 1634 ||| DRINKING 2 grey potions.
  1805 | D:3      | 1805 ||| FLEEEEING.
  1808 | D:3      | 1808 ||| STAIRDANCE
  1860 | D:2      | 1860 ||| READING scroll labelled URPHITZ GURCHIGI.
  1910 | D:3      | Noticed Jessica
  1921 | D:3      | Killed Jessica
  1922 | D:3      | Reached skill level 6 in Ranged Weapons
  2483 | D:3      | 2483 ||| FLEEEEING.
  2484 | D:3      | 2484 ||| FLEEEEING.
  2485 | D:3      | 2485 ||| FLEEEEING.
  2486 | D:3      | 2486 ||| FLEEEEING.
  2487 | D:3      | 2487 ||| FLEEEEING.
  2488 | D:3      | 2488 ||| FLEEEEING.
  2489 | D:3      | 2489 ||| FLEEEEING.
  2490 | D:3      | 2490 ||| FLEEEEING.
  2491 | D:3      | 2491 ||| FLEEEEING.
  2492 | D:3      | 2492 ||| FLEEEEING.
  2521 | D:3      | 2521 ||| UPGRADING to +2 robe of fire resistance.
  2531 | D:3      | 2531 ||| DROPPING +0 ring mail.
  2532 | D:3      | 2532 ||| READING scroll labelled XAFEKI VUGEINT.
  2533 | D:3      | 2533 ||| READING scroll labelled ZUFIAD WUIFU.
  2534 | D:3      | 2534 ||| READING scroll labelled YDISAO GANUVIPS.
  2535 | D:3      | 2535 ||| DRINKING 2 fizzy black potions.
  2573 | D:3      | 2573 ||| DROPPING potion of lignification.
  2615 | D:4      | 2615 ||| RETREEAATING.
  2619 | D:4      | 2619 ||| Stepping ~*~*~tactically~*~*~ (retreating).
  2623 | D:4      | HP: 3/32 [gnoll sergeant/+2 spear of pain (9)]
  2624 | D:4      | Slain by a hobgoblin

Levels and vault maps discovered:
D:1:      saegor_arrival_simple_b, layout_loops_ring
D:2:      layout_basic, serial_shops, nicolae_shop_tiny_real_fake_doors,
          serial_forest, infiniplex_forest_clump_diagonal,
          infiniplex_forest_clump_small, infiniplex_forest_lined_2,
          infiniplex_forest_clump_medium, infiniplex_forest_clump_curved,
          infiniplex_forest_lined_room_, infiniplex_forest_zigzag_1,
          infiniplex_forest_lined_room_, minmay_between, uniq_terence
D:3:      layout_loops_ring, minmay_goblin_outpost, uniq_jessica
D:4:      layout_cave_pools

Skill      XL: |  1  2  3  4  5 |
---------------+----------------+-----
Ranged Weapons | 5 6 |  6.1
Armour         | 1 |  1.2
Fighting       | 3 |  3.5
Dodging        | |  1.5
Stealth        | |  1.1

Action                     |  1- 3 |  4- 6 || total
---------------------------+-------+-------++-------
   Fire: Shortbow          |   109 |   179 ||   288
    Use: Scroll            |     1 |     8 ||     9
         Potion            |     1 |     2 ||     3
 Armour: Leather armour    |    33 |       ||    33
         Ring mail         |    21 |    97 ||   118
         Robe              |       |     8 ||     8
  Dodge: Dodged            |    49 |    98 ||   147

Table legend:
 A = Non-vault XP
 B = Vault XP
 C = Vault XP percentage of total XP
 D = Non-vault monster count
 E = Vault monster count
 F = Vault count percentage of total count
                 A         B        C        D         E       F
            +---------+---------+-------+---------+---------+-------
      Total |     175 |     111 |  38.8 |      64 |      16 |  20.0
            +---------+---------+-------+---------+---------+-------
        D:1 |      47 |       0 |   0.0 |      26 |       0 |   0.0
        D:2 |      66 |      57 |  46.3 |      20 |       6 |  23.1
        D:3 |      41 |      54 |  56.8 |      14 |      10 |  41.7
        D:4 |      21 |       0 |   0.0 |       4 |       0 |   0.0
            +---------+---------+-------+---------+---------+-------
